 Dungeon Crawl Stone Soup version 0.32-a0-938-g40ac7a0f4d (webtiles) character file.

Game seed: 16825892410039324710

820 Autsider the Sneak (level 7, -3/40 HPs)
             Began as a Deep Elf Hedge Wizard on Apr 15, 2024.
             Was an Initiate of Sif Muna.
             Slain by a white imp (4 damage)
             ... on level 7 of the Dungeon.
             The game lasted 00:19:31 (7368 turns).

Autsider the Sneak (Deep Elf Hedge Wizard)          Turns: 7368, Time: 00:19:33

Health: -3/40      AC:  4    Str:  7    XL:     7   Next: 63%
Magic:  0/15       EV: 13    Int: 21    God:    Sif Muna [......]
Gold:   305        SH:  0    Dex: 14    Spells: 3/14 levels left

rFire   . . .        (no weapon)
rCold   . . .        (no shield)
rNeg    . . .        e - +1 animal skin
rPois   .            l - +0 helmet
rElec   .            (no cloak)
rCorr   .            (no gloves)
SInv    .            (no boots)
Will    .....        (no amulet)
Stlth   +++          q - ring of wizardry
HPRegen 0.26/turn    (no ring)
MPRegen 0.14/turn

%: wizardry (x1)
@: no status effects
A: no striking features
a: Renounce Religion


You were on level 7 of the Dungeon.
You worshipped Sif Muna.
Sif Muna was noncommittal.
You visited 2 branches of the dungeon, and saw 8 of its levels.

You collected 417 gold pieces.
You spent 112 gold pieces at shops.

Inventory:

Armour
 e - a +1 animal skin (worn)
 k - an orb of energy
 l - a +0 helmet (worn)
Jewellery
 q - a ring of wizardry (left hand)
Wands
 o - a wand of flame (18)
Scrolls
 f - 2 scrolls of butterflies
 g - a scroll of immolation
 i - 2 scrolls of poison
 j - 2 scrolls of enchant armour
 p - 2 scrolls of brand weapon
 v - a scroll of fog
Potions
 a - a potion of invisibility
 d - 2 potions of magic
 h - 4 potions of attraction
 n - 3 potions of heal wounds {unknown}
 r - 2 potions of brilliance
 t - a potion of haste
 u - a potion of might {unknown}


   Skills:
 + Level 2.4 Fighting
 + Level 5.1 Dodging
 + Level 5.3 Stealth
 - Level 4.4 Spellcasting
 - Level 5.0 Conjurations
 - Level 3.0 Summonings
 - Level 1.1 Translocations
 + Level 1.6 Ice Magic
 + Level 1.6 Air Magic


You had 3 spell levels left.
You knew the following spells:

 Your Spells              Type           Power      Damage    Failure   Level
a - Magic Dart            Conj           100%       1d8       1%          1
e - Freezing Cloud        Conj/Ice/Air   8%         6-21      38%         5
w - Mephitic Cloud        Conj/Alch/Air  13%        N/A       6%          3
A - Call Imp              Summ           34%        N/A       1%          2

Your spell library contained the following spells:

 Spells                   Type           Power      Damage    Failure   Level
 Sting                    Conj/Alch      60%        1d6       1%          1
 Slow                     Hex            16%        N/A       4%          1
 Blink                    Tloc           18%        N/A       4%          2
 Lesser Beckoning         Tloc           18%        N/A       4%          2
 Mercury Vapours          Alch/Air       16%        N/A       5%          2
 Cigotuvi's Dreadful Rot  Necr/Alch/Air  12%        N/A       6%          2
 Maxwell's Portable Pile  Tloc           9%         2d(6-16)  9%          3
 Teleport Other           Tloc           9%         N/A       9%          3
 Ignite Poison            Fire/Alch      4%         N/A       41%         4
 Olgreb's Toxic Radiance  Alch           4%         N/A       41%         4


Dungeon Overview and Level Annotations

Branches:
Dungeon (6/15)             Temple (1/1) D:5

Altars:
Ashenzari
Cheibriados
Dithmenos
Elyvilon
Fedhas
Gozag
Hepliaklqana
Kikubaaqudgha
Makhleb
Nemelex Xobeh
Okawaru
Qazlal
Ru
Sif Muna
Trog
Xom
Yredelemnul
The Shining One

Shops:
D:4 *

Annotations:
D:2 exclusion: downstairs
D:3 Ijyb
D:4 3 runed translucent doors, BlackSun's ghost, amateur OpAE
D:5 exclusion: water moccasin


Message History

The white imp misses you.
You hit the white imp but do no damage.
The white imp is almost dead.
The white imp barely misses you.
You completely miss the white imp.
The white imp is almost dead.
The white imp gestures at you. The puff of frost hits you.
* * * LOW HITPOINT WARNING * * *
You hit the white imp but do no damage.
The white imp is almost dead.
The white imp gestures at you. The puff of frost hits you.
* * * LOW HITPOINT WARNING * * *
You closely miss the white imp.
The white imp is almost dead.
The white imp barely misses you.
You closely miss the white imp.
The white imp is almost dead.
The white imp hits you.
* * * LOW HITPOINT WARNING * * *
The white imp freezes you.
* * * LOW HITPOINT WARNING * * *
You closely miss the white imp.
The white imp is almost dead.
The white imp hits you.
* * * LOW HITPOINT WARNING * * *
The white imp freezes you.
* * * LOW HITPOINT WARNING * * *
Casting: Magic Dart (safe; 1% risk of failure)
Confirm with . or Enter, or press ? or * to list all spells.
Aiming: Magic Dart (safe; 1% risk of failure)
Press: ? - help, Shift-Dir - straight line, f/p - white imp
Aim: a white imp (almost dead, 100% to hit)
The magic dart hits the white imp but does no damage.
The white imp is almost dead.
The white imp hits you.
* * * LOW HITPOINT WARNING * * *
The white imp freezes you.
You die...

#...###[# #...# #K#
.#.#..##.#####
.......5......
######.......# .
#.......# ... #.......#
.....###########.......#
......5@...)............
#.##############.......#
#.......# .........#
###########


You could see a white imp.

Vanquished Creatures
  An ice beast (D:4)
  A centaur (D:6)
  A phantom (D:5)
  A kobold brigand (D:7)
  A scorpion (D:4)
  A bombardier beetle (D:7)
  A hound (D:4)
  2 jellies
  An orc priest (D:3)
  A sleepcap (D:6)
  2 iguanas
  An orc wizard (D:3)
  Robin (D:3)
  8 adders
  A dart slug (D:3)
  2 ribbon worms
  12 orcs
  7 ball pythons
  3 bats
  11 endoplasms
  2 giant cockroaches
  27 goblins
  5 hobgoblins
  3 jackals (D:3)
  7 quokkas
  6 frilled lizards
  4 kobolds
  6 rats
119 creatures vanquished.

Vanquished Creatures (others)
  A kobold (D:7)
1 creature vanquished.

Grand Total: 120 creatures vanquished

Notes
Turn   | Place    | Note
-------+----------+-------------------------------------------
     0 | D:1      | Autsider the Deep Elf Hedge Wizard began the quest for the
                  | Orb.
     0 | D:1      | Reached XP level 1. HP: 10/10 MP: 7/7
   192 | D:1      | Reached XP level 2. HP: 15/15 MP: 1/9
  1356 | D:2      | Learned a level 2 spell: Call Imp
  1400 | D:2      | Found a sacrificial altar of Ru.
  1874 | D:2      | Reached XP level 3. HP: 19/19 MP: 6/10
  2431 | D:3      | Reached XP level 4. HP: 18/24 MP: 6/12
  2482 | D:3      | Learned a level 3 spell: Mephitic Cloud
  2544 | D:3      | Noticed Robin
  2766 | D:3      | Killed Robin
  3187 | D:3      | Reached XP level 5. HP: 24/28 MP: 2/13
  3344 | D:3      | Found an opulent altar of Gozag.
  3705 | D:3      | Noticed Ijyb
  3974 | D:4      | Found a runed translucent gate.
  3974 | D:4      | Found a runed translucent gate.
  3975 | D:4      | Found a runed translucent gate.
  3979 | D:4      | Noticed BlackSun's ghost (amateur OpAE)
  4026 | D:4      | Learned a level 5 spell: Freezing Cloud
  4118 | D:4      | Noticed an ice beast
  4179 | D:4      | Killed an ice beast
  4180 | D:4      | Reached skill level 1 in Fighting
  4180 | D:4      | Reached XP level 6. HP: 3/34 MP: 2/14
  4560 | D:4      | Found a snail-covered altar of Cheibriados.
  4777 | D:4      | Found a shimmering altar of Xom.
  4882 | D:4      | Found Foemusei's General Store.
  4888 | D:4      | Bought a potion of magic for 112 gold pieces
  5010 | D:4      | Found a stormy altar of Qazlal.
  5054 | D:4      | Found a glowing golden altar of the Shining One.
  5539 | D:5      | Entered Level 5 of the Dungeon
  5543 | D:5      | Found a staircase to the Ecumenical Temple.
  5556 | Temple   | Entered the Ecumenical Temple
  5581 | Temple   | Became a worshipper of Sif Muna the Loreminder
  5738 | D:5      | Found a shadowy altar of Dithmenos.
  5788 | D:5      | Noticed a water moccasin
  5812 | D:5      | Reached XP level 7. HP: 37/39 MP: 0/15
  5921 | D:5      | Found a sacrificial altar of Ru.
  6064 | D:5      | Found a burning altar of Makhleb.
  6064 | D:5      | Noticed a green death
  6446 | D:6      | Found an ancient bone altar of Kikubaaqudgha.
  6507 | D:6      | Reached skill level 5 in Conjurations
  6976 | D:6      | Reached skill level 5 in Stealth
  6976 | D:6      | Reached skill level 1 in Ice Magic
  6976 | D:6      | Reached skill level 1 in Air Magic
  7116 | D:6      | You fall into a shaft and drop 1 floor!
  7228 | D:7      | Reached skill level 5 in Dodging
  7367 | D:7      | HP: 2/40 [white imp (3)]
  7368 | D:7      | Slain by a white imp

Illustrated notes

Levels and vault maps discovered:
D:1:      sevenhm_arrival_forest_fort_small_3, layout_basic
D:2:      layout_basic, basic_altar
D:3:      kennysheep_goblin_castle, layout_basic, lemuel_doored_altar,
          grunt_ministairs_13, minmay_quantized, uniq_robin, uniq_ijyb
D:4:      layout_basic, overflow_temple_1_default, nicolae_tso_carved_into_rock,
          gammafunk_temple_overflow_wave, serial_shops, shop,
          gammafunk_ghost_necromancy
D:5:      layout_basic, makhleb_altar_promises_db,
          nicolae_overflow_crystal_walls, nicolae_dithmenos_the_darkroom,
          minmay_temple_entry_mist, nicolae_zig_zag_zippers
D:6:      layout_basic, kiku_gazebo_garden_becter, uniq_jeremiah
D:7:      layout_rooms, zin_academy
Temple:   hellmonk_temple_beads

Skill      XL: |  1  2  3  4  5  6  7 |
---------------+----------------------+-----
Conjurations   | 2 3 4 5 |  5.0
Dodging        | 3 4 5 |  5.1
Stealth        | 3 4 5 |  5.3
Summonings     | 2 3 |  3.0
Fighting       | 1 2 |  2.4
Ice Magic      | 1 |  1.6
Air Magic      | 1 |  1.6
Spellcasting   | |  4.4
Translocations | |  1.1

Action                     |  1- 3 |  4- 6 |  7- 9 || total
---------------------------+-------+-------+-------++-------
  Melee: Unarmed           |     6 |     5 |    17 ||    28
   Cast: Magic Dart        |   108 |   190 |    73 ||   371
         Mephitic Cloud    |       |     8 |     9 ||    17
         Call Imp          |       |     2 |     8 ||    10
    Use: Scroll            |     4 |     3 |     6 ||    13
         Potion            |     2 |       |       ||     2
   Stab: Confused          |       |     1 |       ||     1
 Armour: Robe              |    18 |     5 |       ||    23
         Animal skin       |       |    34 |    39 ||    73
  Dodge: Dodged            |    18 |    46 |    47 ||   111

Table legend: (Time is in decaauts)
 A = Elapsed time spent in this place.
 B = Non-inter-level travel time spent in this place.
 C = Inter-level travel time spent in this place.
 D = Time resting spent in this place.
 E = Time spent auto-exploring this place.
 F = Levels seen in this place.
 G = Mean time per level.
                   A        B        C        D        E       F      G
               +--------+--------+--------+--------+--------+-----+--------+
         Total |   7353 |   7067 |    286 |    980 |   4746 |   8 |  919.1 |
       Dungeon |   7302 |   7064 |    238 |    980 |   4746 |   7 | 1043.1 |
        Temple |     50 |      2 |     48 |      0 |      0 |   1 |   50.0 |
               +--------+--------+--------+--------+--------+-----+--------+

Top non-repeatable levels by time:
     D:4: 1632 daAuts
     D:3: 1520 daAuts
     D:1: 1283 daAuts
     D:2: 1085 daAuts
     D:5: 838 daAuts
     D:6: 690 daAuts
     D:7: 251 daAuts
  Temple: 50 daAuts
